 Dungeon Crawl Stone Soup version 0.30-a0-743-gbfdf073431 (webtiles) character file.

Game seed: 6619426275240367036

21 gelatine the Insei (level 2, -1/18 HPs)
             Began as an Octopode Transmuter on Feb 5, 2023.
             Slain by a worm (6 damage)
             ... on level 2 of the Dungeon.
             The game lasted 00:01:25 (761 turns).

gelatine the Insei (Octopode Transmuter)             Turns: 761, Time: 00:01:26

Health: -1/18      AC:  1    Str:  9    XL:     2   Next: 87%
Magic:  5/5        EV: 13    Int: 15    God:
Gold:   90         SH:  0    Dex: 12    Spells: 4/5 levels left

rFire   . . .      SeeInvis .      - Unarmed
rCold   . . .      Faith    .    (no shield)
rNeg    . . .      Spirit   .    (helmet currently unavailable)
rPois   .          Reflect  .    (no amulet)
rElec   .          Harm     .    (no ring)
rCorr   .          Rampage  .    (no ring)
Will    .....                    (no ring)
Stlth   ++                       (no ring)
HPRegen 0.23/turn                (no ring)
MPRegen 0.09/turn                (no ring)
                                 (no ring)
                                 (no ring)

@: appendages (expiring)
A: tentacle spike 3, almost no armour, amphibious, 8 rings, camouflage 1,
gelatinous body 1, (nimble swimmer 1), tentacles
a: End Transformation


You were on level 2 of the Dungeon.
One of your tentacles had grown a beastly spike.
You visited 1 branch of the dungeon, and saw 2 of its levels.

You collected 90 gold pieces.

Inventory:

Missiles
 e - 5 poisoned darts
Scrolls
 c - a scroll of vulnerability {unknown}
Potions
 a - a potion of lignification
 b - a potion of flight {unknown}
 d - a potion of berserk rage {unknown}


   Skills:
 * Level 1.1 Fighting
 * Level 2.1 Dodging
 * Level 0.4 Stealth
 * Level 3.4 Unarmed Combat
 + Level 2.1 Spellcasting
 * Level 2.3 Transmutations


You had 4 spell levels left.
You knew the following spells:

 Your Spells              Type           Power      Damage    Failure   Level
a - Beastly Appendage     Tmut           16%        N/A       9%          1

Your spell library contained the following spells:

 Spells                   Type           Power      Damage    Failure   Level
 Wereblood                Tmut           8%         N/A       13%         2
 Slow                     Hex            4%         N/A       22%         1
 Spider Form              Tmut/Pois      5%         N/A       38%         3
 Confusing Touch          Hex            1%         N/A       54%         3
 Vampiric Draining        Necr           1%         2d6       54%         3
 Ice Form                 Ice/Tmut       5%         N/A       80%         4


Dungeon Overview and Level Annotations

Branches:
Dungeon (2/15)

Altars:


Innate Abilities, Weirdness & Mutations

One of your tentacles has grown a beastly spike.
You cannot wear most types of armour.
You are amphibious.
You can wear up to eight rings at the same time.
Your skin changes colour to match your surroundings (Stealth+).
Your rubbery body absorbs attacks. (AC +1, EV +1)
((You are camouflaged when in or above water. (Stealth+)))
You have tentacles for arms and can constrict up to eight enemies at once.


Message History

You tentacle-slap the gnoll.
The gnoll is almost dead.
You constrict the gnoll, but do no damage.
The gnoll closely misses you.
You tentacle-slap the gnoll.
You kill the gnoll!
Your transformation is almost over.
Your tentacle spike disappears.
You see here a scarf of invisibility.
Found 9 stones.
Done exploring.
Done exploring.
There is a stone staircase leading down here.
You climb downwards.
There is a stone staircase leading up here.
Found 5 poisoned darts.
You see here 5 poisoned darts.
e - 5 poisoned darts A hobgoblin and a goblin come into view.
A hobgoblin, 3 goblins and a worm come into view.
One of your tentacles grows a vicious spike.
The hobgoblin shouts! x2; The goblin shouts!
You hear a shout! x3
A goblin comes into view. It is wielding a +0 club.
You hear a shout!
Your transformation is almost over.
You tentacle-slap the worm. You grab the worm.
The worm is lightly wounded.
You constrict the worm. The worm bites you.
You tentacle-slap the worm. Your squeeze misses the worm.
The worm is moderately wounded.
You constrict the worm. You tentacle-slap the worm.
You pierce the worm.
The worm is heavily wounded.
You constrict the worm. The worm bites you!
Ouch! That really hurt!
* * * LOW HITPOINT WARNING * * *
You tentacle-slap the worm.
You pierce the worm.
The worm is almost dead.
You constrict the worm. The worm bites you.
You die... #.g..#..# #..g ##.# #g.g #.# #gg

# #.# ....# #.#
#.###w#.# #.#
#.......# #.#
#g#####.##
#ggw@....#
.......g#######
#######.# #.#
#.# #.. .## .


You could see a worm, 2 hobgoblins and 2 goblins.

Vanquished Creatures
  A gnoll (D:1)
  A dart slug (D:1)
  A bat (D:1)
  An endoplasm (D:1)
  A giant cockroach (D:1)
  A frilled lizard (D:1)
  3 kobolds (D:1)
  A rat (D:1)
10 creatures vanquished.

Notes
Turn   | Place    | Note
-------+----------+-------------------------------------------
     0 | D:1      | gelatine the Octopode Transmuter began the quest for the
                  | Orb.
     0 | D:1      | Reached XP level 1. HP: 13/13 MP: 3/3
    44 | D:1      | Found a faded altar of an unknown god.
   404 | D:1      | Reached XP level 2. HP: 18/18 MP: 3/5
   761 | D:2      | Slain by a worm

Illustrated notes

Levels and vault maps discovered:
D:1:      dpeg_arrival_rooms_a, layout_basic,
          shapermc_ecumenical_altar_acropolis
D:2:      layout_basic, serial_curves, eino_curves_04, eino_curves_04,
          minmay_pentomino_u2, uniq_sigmund, uniq_robin, uniq_natasha

Action                     || total
---------------------------++-------
  Melee: Unarmed           ||    23
         Kick              ||    10
         Constrict         ||     8
         Tentacles         ||     5
   Cast: Beastly Appendage ||     9
   Stab: Sleeping          ||     2
 Armour: Skin              ||     1
  Dodge: Dodged            ||    11

Table legend: (Time is in decaauts)
 A = Elapsed time spent in this place.
 B = Non-inter-level travel time spent in this place.
 C = Inter-level travel time spent in this place.
 D = Time resting spent in this place.
 E = Time spent auto-exploring this place.
 F = Levels seen in this place.
 G = Mean time per level.
                   A        B        C        D        E       F      G
               +--------+--------+--------+--------+--------+-----+--------+
         Total |    759 |    752 |      7 |      0 |    651 |   2 |  379.5 |
       Dungeon |    759 |    752 |      7 |      0 |    651 |   2 |  379.5 |
               +--------+--------+--------+--------+--------+-----+--------+

Top non-repeatable levels by time:
     D:1: 703 daAuts
     D:2: 56 daAuts
